 Dungeon Crawl Stone Soup version 0.31-a0-202-g547052bce9 (webtiles) character file.

Game seed: 2980564837724584500

353 jt the Magician (level 6, -2/43 HPs)
             Began as a Djinni Hexslinger on June 26, 2023.
             Was an Elder of Cheibriados.
             Shot with an arrow by a centaur (12 damage)
             ... on level 5 of the Dungeon.
             The game lasted 00:09:36 (2937 turns).

jt the Magician (Djinni Hexslinger)                 Turns: 2937, Time: 00:09:37

Health: -2/43      AC:  5    Str: 22    XL:     6   Next: 94%
Gold:   117        EV: 13    Int: 25    God:    Cheibriados [****..] SH:  0 Dex: 25

rFire   + + .        b - +0 dagger (venom)
rCold   x . .        (no shield)
rNeg    . . .        h - +0 leather armour
rPois   ∞            (no helmet)
rElec   .            f - +0 cloak
rCorr   .            r - +0 pair of gloves
SInv    .            (boots unavailable)
Will    .....        (no amulet)
Stlth   ++           j - +6 ring of strength
HPRegen 0.27/turn    (no ring)
MPRegen 0.00/turn

%: infuse magic (-3 HP)
@: flying, very slow
A: sickness immunity, fire resistance 2, cold vulnerability 1, float, innate
caster, HP casting, extra vitality 1
a: Renounce Religion, Bend Time, Temporal Distortion, Slouch


You were on level 5 of the Dungeon.
You worshipped Cheibriados.
Cheibriados was greatly pleased with you.
You visited 1 branch of the dungeon, and saw 5 of its levels.

You collected 117 gold pieces.

Inventory:

Hand Weapons
 a - a +1 sling
 b - a +0 dagger of venom (weapon)
 g - a +0 dagger
 i - a +0 whip
 o - a +0 hand axe
 q - a +0 spear
 s - a +3 short sword
 v - a +0 war axe
 w - a +1 spectral club
 y - a +2 short sword of freezing
 E - a +1 whip of electrocution
Missiles
 k - 14 poisoned darts
Armour
 c - a +0 robe
 f - a +0 cloak (worn)
 h - a +0 leather armour (worn)
 r - a +0 pair of gloves (worn)
Jewellery
 j - a +6 ring of strength (left hand)
Wands
 G - a wand of iceblast (11)
Scrolls
 e - 2 scrolls of fog {unknown}
 n - 4 scrolls of identify {unknown}
 t - 2 scrolls of silence {unknown}
 u - 3 scrolls of poison
 z - 2 scrolls of immolation {unknown}
 A - a scroll of enchant armour {unknown}
 B - a scroll of enchant weapon {unknown}
 D - a scroll of teleportation {unknown}
Potions
 d - a potion of mutation {unknown}
 l - 3 potions of degeneration {unknown}
 m - 2 potions of curing {unknown}
 p - 2 potions of enlightenment {unknown}
 x - a potion of berserk rage {unknown}
 C - a potion of invisibility {unknown}
 F - a potion of magic {unknown}


   Skills:
 - Level 2.0 Fighting
 + Level 1.1 Short Blades
 - Level 1.5 Ranged Weapons
 - Level 2.0 Armour
 - Level 2.1 Dodging
 - Level 2.0 Stealth
 + Level 4.2 Spellcasting
 + Level 4.2 Conjurations
 + Level 4.2 Hexes
   Level 0.0 Charms
 + Level 4.2 Summonings
 + Level 4.2 Necromancy
 + Level 4.2 Translocations
 + Level 4.2 Transmutations
 + Level 4.2 Fire Magic
 + Level 4.2 Ice Magic
 + Level 4.2 Air Magic
 + Level 4.2 Earth Magic
 + Level 4.2 Poison Magic
 + Level 1.1 Invocations


You knew the following spells:

 Your Spells              Type           Power      Damage    Failure   Level
a - Slow                  Hex            100%       N/A       1%          1
b - Inner Flame           Hex/Fire       26%        N/A       5%          3
c - Portal Projectile     Hex/Tloc       52%        N/A       5%          3
d - Cause Fear            Hex            13%        N/A       19%         4
e - Sandblast             Erth           52%        2d12      1%          1
f - Poisonous Vapours     Pois/Air       52%        N/A       2%          2
Your spell library was empty.

Dungeon Overview and Level Annotations

Branches:
Dungeon (5/15)
 Temple: D:4-7

Altars:
Cheibriados
Uskayaw

Shops:
D:4 [=[[


Innate Abilities, Weirdness & Mutations

You are immune to sickness and miasma.
You are immune to poison.
Your flesh is very heat resistant. (rF++)
You are vulnerable to cold. (rC-)
You float through the air rather than walking.
You learn spells naturally, not from books.
Your magical power is your life essence.
You have superior vitality. (+4 MHP)


Message History

Found 4 gold pieces.
There is a stone staircase leading up here.
You now have 117 gold pieces (gained 4).
A sleepcap comes into view.
The blast of sand hits the sleepcap!
The sleepcap is heavily damaged.
You hit the sleepcap but do no damage.
The sleepcap is heavily damaged.
The sleepcap closely misses you.
You hit the sleepcap but do no damage.
The sleepcap is heavily damaged.
The sleepcap misses you.
You hit the sleepcap but do no damage.
The sleepcap is poisoned.
The sleepcap is heavily damaged.
The sleepcap releases spores at you but does no damage.
You hit the sleepcap.
The sleepcap is severely damaged.
The sleepcap barely misses you.
You hit the sleepcap.
The sleepcap is almost destroyed.
The sleepcap releases spores at you.
You hit the sleepcap. You punch the sleepcap.
You destroy the sleepcap!
Cheibriados thoroughly appreciates the change of pace.
Your Short Blades skill increases to level 1!
Your Invocations skill increases to level 1!
HP restored.
A centaur comes into view.
The centaur shouts!
The centaur wields a +0 orcbow.
The centaur shoots an arrow.
The arrow hits you!
The centaur shoots an arrow.
The arrow hits you!
Okay, then.
You fail to use your ability.
The centaur shoots an arrow.
The arrow closely misses you.
Okay, then.
Okay, then.
You fail to use your ability.
The centaur shoots an arrow.
The arrow hits you!
* * * LOW HITPOINT WARNING * * *
You fail to use your ability.
The centaur shoots an arrow.
The arrow hits you!
You die...

### ... ... #c# #.# #.#
#.# ##### ### +#@#+
...<# ###.#####...#####
###.# #.........⌠.......
###.###.#.#####...#####.
#.....#.### +#.#+
.........# #.#
#.#.#.#### #.# #.#.#.#
#.# ....#.# #.#


You could see a centaur.

Vanquished Creatures
  A scorpion (D:4)
  A howler monkey (D:4)
  A sleepcap (D:5)
  Jessica (D:2)
  An iguana (D:4)
  5 gnolls
  4 adders
  3 orcs
  8 endoplasms
  3 giant cockroaches
  7 goblins
  4 hobgoblins
  11 jackals
  11 kobolds
  A quokka (D:3)
  11 ball pythons
  10 bats
  A frilled lizard (D:3)
  4 rats
88 creatures vanquished.

Notes
Turn   | Place    | Note
-------+----------+-------------------------------------------
     0 | D:1      | jt the Djinni Hexslinger began the quest for the Orb.
     0 | D:1      | jt set off with the following spells memorised: Slow, Inner
                  | Flame, Portal Projectile, Cause Fear.
     0 | D:1      | Reached XP level 1. HP: 17/17 MP: 0/0
    85 | D:1      | Reached skill level 1 in Stealth
    96 | D:1      | Reached XP level 2. HP: 22/22 MP: 0/0
   313 | D:1      | Found a faded altar of an unknown god.
   319 | D:1      | Prayed at the altar of an unknown god.
   319 | D:1      | Became a worshipper of Cheibriados the Contemplative
   319 | D:1      | Reached * piety under Cheibriados
   325 | D:1      | Reached XP level 3. HP: 27/27 MP: 0/0
   325 | D:1      | Learned a level 1 spell: Sandblast
   597 | D:2      | Found a hide-covered altar of Uskayaw.
   660 | D:2      | Noticed Jessica
   668 | D:2      | Killed Jessica
   669 | D:2      | Reached XP level 4. HP: 11/33 MP: 0/0
   675 | D:2      | Reached ** piety under Cheibriados
   969 | D:2      | Reached skill level 1 in Armour
  1044 | D:2      | Reached XP level 5. HP: 30/38 MP: 0/0
  1044 | D:2      | Learned a level 2 spell: Poisonous Vapours
  1350 | D:3      | Reached *** piety under Cheibriados
  1959 | D:4      | Reached XP level 6. HP: 41/43 MP: 0/0
  2049 | D:4      | Found Hinizest's Armour Boutique.
  2052 | D:4      | Found Lukhamag's Armour Emporium.
  2053 | D:4      | Found Gehec's Jewellery Emporium.
  2053 | D:4      | Found Ting's Antique Armour Boutique.
  2315 | D:4      | Reached **** piety under Cheibriados
  2484 | D:4      | Noticed a two-headed ogre
  2889 | D:5      | Entered Level 5 of the Dungeon
  2924 | D:5      | Reached skill level 1 in Short Blades
  2924 | D:5      | Reached skill level 1 in Invocations
  2937 | D:5      | Shot with an arrow by a centaur

Illustrated notes

Levels and vault maps discovered:
D:1:      lemuel_arrival_hallway, layout_rooms,
          shapermc_ecumenical_altar_acropolis
D:2:      layout_loops_ring, basic_altar, hex_large, uniq_jessica
D:3:      layout_basic
D:4:      layout_layer_cave, nicolae_wooded_promenade, lightli_corner_chamber
D:5:      layout_loops_corners, grunt_temple_overflow_cloverleaf

Skill      XL: |  1  2  3  4  5  6 |
---------------+-------------------+-----
Stealth        | 1 2 |  2.0
Fighting       | 2 |  2.0
Armour         | 1 2 |  2.0
Spellcasting   | 3 4 |  4.2
Conjurations   | 3 4 |  4.2
Hexes          | 3 4 |  4.2
Summonings     | 3 4 |  4.2
Necromancy     | 3 4 |  4.2
Translocations | 3 4 |  4.2
Transmutations | 3 4 |  4.2
Fire Magic     | 3 4 |  4.2
Ice Magic      | 3 4 |  4.2
Air Magic      | 3 4 |  4.2
Earth Magic    | 3 4 |  4.2
Poison Magic   | 3 4 |  4.2
Short Blades   | 1 |  1.1
Invocations    | 1 |  1.1
Ranged Weapons | |  1.5
Dodging        | |  2.1

Action                     |  1- 3 |  4- 6 || total
---------------------------+-------+-------++-------
  Melee: Dagger            |    15 |    70 ||    85
         Punch             |       |     2 ||     2
   Fire: Sling             |    80 |    58 ||   138
   Cast: Sandblast         |     9 |    33 ||    42
         Poisonous Vapours |       |     4 ||     4
   Stab: Sleeping          |     1 |     3 ||     4
 Armour: Leather armour    |    25 |    33 ||    58
  Dodge: Dodged            |    52 |    66 ||   118

Table legend: (Time is in decaauts)
 A = Elapsed time spent in this place.
 B = Non-inter-level travel time spent in this place.
 C = Inter-level travel time spent in this place.
 D = Time resting spent in this place.
 E = Time spent auto-exploring this place.
 F = Levels seen in this place.
 G = Mean time per level.
                   A        B        C        D        E       F      G
               +--------+--------+--------+--------+--------+-----+--------+
         Total |   4226 |   3997 |    229 |    216 |   2592 |   5 |  845.2 |
       Dungeon |   4226 |   3997 |    229 |    216 |   2592 |   5 |  845.2 |
               +--------+--------+--------+--------+--------+-----+--------+

Top non-repeatable levels by time:
     D:4: 1668 daAuts
     D:2: 969 daAuts
     D:3: 831 daAuts
     D:1: 686 daAuts
     D:5: 71 daAuts
